 Dungeon Crawl Stone Soup version 0.17-a0-1939-ga475588 (webtiles) character file.

824 GrandHerb the Gusty (level 7, -2/36 HPs)
             Began as a Tengu Air Elementalist on Sept 25, 2015.
             Was an Initiate of Dithmenos.
             Shot with an arrow by a centaur (8 damage)
             ... on level 5 of the Dungeon on Sept 29, 2015.
             The game lasted 00:40:24 (6258 turns).

GrandHerb the Gusty (Tengu Air Elementalist)        Turns: 6258, Time: 00:40:25

Health: -2/36      AC:  3    Str:  8    XL:     7   Next: 96%
Magic:  9/14       EV: 17    Int: 18    God:    Dithmenos [......]
Gold:   334        SH:  0    Dex: 14    Spells: 2 memorised, 11 levels left

rFire  . . .     SeeInvis .     h - +0 dagger
rCold  . . .     Clarity  .     a - +0 robe
rNeg   . . .     SustAt   .     (no shield)
rPois  +         Gourm    .     (helmet restricted)
rElec  .         Spirit   .     k - +0 cloak (curse)
rCorr  +         Warding  .     (no gloves)
rMut   .         Stasis   .     (boots unavailable)
MR     .....                    f - amulet of resist corrosion
Stlth  ++........               (no ring)
                                m - ring of poison resistance

@: flying quickly and evasively, very slightly contaminated, invisible, quick,
not resistant to hostile enchantments, unstealthy
A: beak, talons 3, able to fly 1
a: Renounce Religion


You were on level 5 of the Dungeon.
You worshipped Dithmenos.
Dithmenos was noncommittal.
You were not hungry.

You visited 1 branch of the dungeon, and saw 5 of its levels.

You collected 334 gold pieces.

Inventory:

Hand weapons
 h - a +0 dagger (weapon)
Armour
 a - a +0 robe (worn)
 k - a cursed +0 cloak (worn)
Jewellery
 f - an amulet of resist corrosion (around neck)
 m - a ring of poison resistance (left hand)
Scrolls
 d - 3 scrolls of remove curse
 i - 2 scrolls of enchant armour
 o - a scroll of fog {unknown}
 p - a scroll of magic mapping {unknown}
 t - 2 scrolls of blinking {unknown}
 v - a scroll of teleportation {unknown}
 x - a scroll of brand weapon {unknown}
Potions
 e - 2 potions of might {unknown}
 g - 2 potions of flight
 q - a potion of ambrosia
 u - a potion of lignification {unknown}
Books
 b - a book of Air

   Spells                             Type                      Level
   a - Shock                          Conjuration/Air              1
   b - Swiftness                      Charms/Air                   2
   c - Repel Missiles                 Charms/Air                   2
   d - Static Discharge               Conjuration/Air              3
   e - Lightning Bolt                 Conjuration/Air              5
Comestibles
 c - 7 bread rations
 j - a royal jelly
 l - 4 fruits
 n - 3 beef jerkies
 r - a meat ration
 w - a chunk of flesh


   Skills:
 + Level 2.9 Short Blades
 + Level 4.9 Dodging
 + Level 3.0 Stealth
 + Level 4.0 Spellcasting
 + Level 5.2 Conjurations
 + Level 6.2 Air Magic


You had 11 spell levels left.
You knew the following spells:

 Your Spells              Type           Power        Failure   Level  Hunger
a - Shock                 Conj/Air       ###.         1%          1    None
b - Swiftness             Chrm/Air       ##......     8%          2    ##.....


Dungeon Overview and Level Annotations

Branches:
Dungeon (5/15)
 Temple: D:4-7

Altars:
Dithmenos
Makhleb


Innate Abilities, Weirdness & Mutations

You have a beak for a mouth.
You have claws for feet.
You can fly.


Message History

The centaur is lightly wounded.
The centaur shoots an arrow.
The arrow hits you!
Casting: Shock
Confirm with . or Enter, or press ? or * to list all spells.
Aiming: Shock
Press: ? - help, Shift-Dir - straight line, f/p - centaur
Aim: a centaur, wielding a shortbow (lightly wounded)
The zap hits the centaur.
The centaur is moderately wounded.
The centaur shoots an arrow.
The arrow hits you!
* * * LOW HITPOINT WARNING * * *
You fade into invisibility!
The centaur shoots an arrow.
The arrow completely misses you.
You are very lightly contaminated with residual magic.
Use which ability?
You swoop lightly up into the air.
You feel very comfortable in the air.
You feel somewhat more hungry.
The centaur shoots an arrow.
The arrow completely misses you.
The centaur shoots an arrow.
The arrow hits you!
You die...

##
##........######.......####...
#
#..........................).
#........######..........####
#......### ####..######
#......# #### #......#
#......# #######
#........############.....###
..........c.@(.(#...........#
........#######..(............
###....######... ###### ##..
#.. #.. #.# #.# #.#


You could see a centaur.

Vanquished Creatures
  Eustachio (D:5)
  Edmund (D:5)
  An ogre (D:5)
  3 hounds
  A crimson imp (D:5)
  Crazy Yiuf (D:2)
  2 giant frog skeletons
  2 worker ants
  2 iguanas (D:5)
  3 gnolls (D:2)
  Robin (D:2)
  3 adders
  A shadow imp (D:4)
  An adder zombie (D:5)
  An ooze (D:1)
  2 adder skeletons (D:4)
  4 giant geckos
  4 orcs
  A ball python (D:4)
  8 giant cockroaches
  11 hobgoblins
  6 quokkas
  5 bats
  7 giant newts
  15 goblins
  2 jackal skeletons (D:4)
  5 kobolds
  A quokka skeleton (D:5)
  A quokka zombie (D:5)
  5 rats
101 creatures vanquished.

Notes
Turn   | Place    | Note
--------------------------------------------------------------
     0 | D:1      | GrandHerb the Tengu Air Elementalist began the quest for the Orb.
     0 | D:1      | Reached XP level 1. HP: 10/10 MP: 4/4
   203 | D:1      | Reached XP level 2. HP: 15/15 MP: 3/6
   883 | D:1      | Reached XP level 3. HP: 13/19 MP: 1/7
  1187 | D:2      | Noticed Robin
  1435 | D:2      | Reached XP level 4. HP: 18/24 MP: 1/8
  1442 | D:1      | Learned a level 2 spell: Swiftness
  1537 | D:2      | Killed Robin
  1843 | D:2      | Noticed Crazy Yiuf
  1853 | D:2      | Killed Crazy Yiuf
  1853 | D:2      | Gained mutation: You can fly. [Tengu growth]
  1853 | D:2      | Reached XP level 5. HP: 15/28 MP: 1/10
  2128 | D:2      | Found a burning altar of Makhleb.
  2158 | D:2      | Reached skill level 5 in Air Magic
  3045 | D:3      | Reached skill level 1 in Short Blades
  3402 | D:3      | Reached XP level 6. HP: 24/32 MP: 11/11
  4019 | D:4      | Upgraded the game from 0.17-a0-1910-g4c791fa to 0.17-a0-1939-ga475588
  4635 | D:5      | Entered Level 5 of the Dungeon
  4741 | D:5      | Found a shadowy altar of Dithmenos.
  4744 | D:5      | Became a worshipper of Dithmenos the Shadowed
  4796 | D:5      | Reached XP level 7. HP: 36/36 MP: 4/13
  4960 | D:5      | Noticed Edmund
  5171 | D:5      | Killed Edmund
  5976 | D:5      | Reached skill level 5 in Conjurations
  6031 | D:5      | Noticed Eustachio
  6052 | D:5      | Reached skill level 6 in Air Magic
  6052 | D:5      | Killed Eustachio
  6258 | D:5      | Shot with an arrow by a centaur

Vault maps used:
D:1:      minmay_arrival_five_plusses
D:2:      makhleb_heckhound_becter, uniq_crazy_yiuf_cottage, uniq_robin
D:4:      hangedman_decor_lopped
D:5:      kennysheep_mini_moat, first_bread, uniq_edmund, uniq_eustachio

Action                   |  1- 3 |  4- 6 |  7- 9 || total
-------------------------+-------+-------+-------++-------
Melee: Unarmed           |     6 |       |       ||     6
       Dagger            |     7 |    80 |    15 ||   102
 Cast: Shock             |    51 |   115 |    44 ||   210
       Swiftness         |       |     1 |       ||     1
 Abil: Fly               |       |     3 |     4 ||     7
  Use: Scroll            |       |       |     5 ||     5
       Potion            |       |       |     1 ||     1
 Stab: Sleeping          |       |     7 |       ||     7
  Eat: Bread ration      |     1 |       |       ||     1
       Chunk             |       |     8 |     6 ||    14
